 Dungeon Crawl Stone Soup version 0.29-a0-91-gdebf4667c2 (webtiles) character file.

Game seed: 1612547529591840623

38 cyrus the Skirmisher (level 3, -1/34 HPs)
             Began as a Naga Fighter on Feb 8, 2022.
             Was a Follower of Wu Jian.
             Slain by a goblin (2 damage)
             ... led by Robin
             ... on level 2 of the Dungeon.
             The game lasted 00:04:19 (1722 turns).

cyrus the Skirmisher (Naga Fighter)                 Turns: 1722, Time: 00:04:19

Health: -1/34      AC:  4    Str: 18    XL:     3   Next: 43%
Magic:  3/3        EV:  7    Int:  8    God:    Wu Jian [*.....]
Gold:   23         SH:  4    Dex: 12    Spells: 2/2 levels left

rFire   . . .      SeeInvis +   a - +0 trident
rCold   . . .      Faith    .   c - +0 buckler
rNeg    . . .      Spirit   .   b - +0 scale mail
rPois   +          Reflect  .   (no helmet)
rElec   .          Harm     .   (no cloak)
rCorr   .          Rampage  .   (no gloves)
Will    .....                   (no barding)
Stlth   ..........              (no amulet)
HPRegen 0.11/turn               (no ring)
MPRegen 0.08/turn               (no ring)

@: very slow
A: AC +1, large, see invisible, deformed body, poison resistance, slowness 2,
spit poison 1, naga tail 1
a: Spit Poison, Renounce Religion


You were on level 2 of the Dungeon.
You worshipped Wu Jian.
Wu Jian was aware of your devotion.
You visited 1 branch of the dungeon, and saw 2 of its levels.

You collected 23 gold pieces.

Inventory:

Hand Weapons
 a - a +0 trident (weapon)
Armour
 b - a +0 scale mail (worn)
 c - a +0 buckler (worn)
Potions
 d - a potion of haste {unknown}
 e - 2 potions of heal wounds {unknown}
 f - a potion of lignification {unknown}


   Skills:
 + Level 3.2 Fighting
 + Level 2.4 Polearms
 + Level 3.0 Armour
 + Level 2.6 Shields


You had 2 spell levels left.
You didn't know any spells.
Your spell library was empty.

Dungeon Overview and Level Annotations

Branches:
Dungeon (2/15)

Altars:
Makhleb
Wu Jian

Shops:
D:1 (

Annotations:
D:2 Robin


Innate Abilities, Weirdness & Mutations

Your serpentine skin is tough. (AC +1)
You have supernaturally acute eyesight. (SInv)
Armour fits poorly on your strangely shaped body.
Your system is resistant to poisons. (rPois)
You cover ground very slowly.
You can spit poison.
You have a snake-like lower body.


Message History

The hobgoblin shouts!
Robin roars a battlecry!
The goblins go into a battle-frenzy!
A goblin comes into view. It is wielding a +0 club.
You hit the goblin.
You kill the goblin!
The Council accepts your kill.
You barely miss the hobgoblin. The hobgoblin hits you.
You block the goblin's attack. The hobgoblin hits you.
You hit the hobgoblin.
The hobgoblin is moderately wounded.
You block the goblin's attack. The goblin barely misses you.
Robin throws the goblin at you! The goblin barely misses you.
The hobgoblin hits you but does no damage.
The goblin hits you with a +0 dagger. You block the goblin's attack.
You barely miss the hobgoblin.
The hobgoblin is moderately wounded.
The goblin barely misses you. x2; The goblin hits you with a +0 club.
The hobgoblin closely misses you. You block the goblin's attack.
The goblin barely misses you. The goblin hits you with a +0 club.
The goblin closely misses you.
You hit the hobgoblin.
The hobgoblin is severely wounded.
The goblin hits you but does no damage. The hobgoblin barely misses you.
You block the goblin's attack. x2; The goblin hits you with a +0 club. x2
* * * LOW HITPOINT WARNING * * *
You barely miss the hobgoblin.
The hobgoblin is severely wounded.
The goblin hits you with a +0 club.
* * * LOW HITPOINT WARNING * * *
The hobgoblin closely misses you. The goblin hits you but does no damage.
You block the goblin's attack. The goblin hits you with a +0 club.
* * * LOW HITPOINT WARNING * * *
The goblin hits you with a +0 club.
* * * LOW HITPOINT WARNING * * *
You closely miss the goblin. The goblin closely misses you.
You block the hobgoblin's attack. The goblin hits you with a +0 dagger.
* * * LOW HITPOINT WARNING * * *
The goblin hits you with a +0 dagger.
You die...

...##..# .
....###
#....... .
.#....###.#
.........#
###ggg.....#
#..gggg....#
#g@gg....#
##g#....##
#......#
.........
...#.##...
......# ..
._...#.. .
....$.. ##
#.....##


You could see Robin, 3 hobgoblins and 7 goblins.

Vanquished Creatures
  A dart slug (D:1)
  2 endoplasms (D:1)
  6 goblins
  5 hobgoblins (D:1)
  3 jackals (D:1)
  2 quokkas (D:1)
  A ball python (D:1)
  2 bats (D:1)
  4 frilled lizards (D:1)
  3 kobolds (D:1)
  2 rats (D:1)
31 creatures vanquished.

Notes
Turn   | Place    | Note
-------+----------+-------------------------------------------
     0 | D:1      | cyrus the Naga Fighter began the quest for the Orb.
     0 | D:1      | Reached XP level 1. HP: 21/21 MP: 1/1
    47 | D:1      | Found Diuss's Antique Weapon Shop.
   393 | D:1      | Reached XP level 2. HP: 25/28 MP: 2/2
   849 | D:1      | Found a faded altar of an unknown god.
  1094 | D:1      | Reached XP level 3. HP: 32/34 MP: 3/3
  1696 | D:1      | Prayed at the altar of an unknown god.
  1696 | D:1      | Became a worshipper of the Wu Jian Council
  1696 | D:1      | Reached * piety under Wu Jian
  1714 | D:2      | Noticed Robin
  1714 | D:2      | Found a burning altar of Makhleb.
  1722 | D:2      | HP: 1/34 [goblin[Robin] (2)]
  1722 | D:2      | Slain by a goblin

Illustrated notes

Levels and vault maps discovered:
D:1:      lemuel_arrival_tunnels, layout_basic, serial_shops,
          nicolae_square_shop, chequers_ecumenical_altar_twisty
D:2:      layout_rooms, basic_altar, serial_shops, shop_statue,
          nicolae_shop_window_shopping, nicolae_shop_hallway_stairs,
          nicolae_shop_window_shopping, shop, minmay_tetromino_s4, uniq_robin

Skill      XL: |  1  2  3 |
---------------+----------+-----
Armour         | 3 |  3.0
Fighting       | |  3.2
Polearms       | |  2.4
Shields        | |  2.6

Action                   || total
-------------------------++-------
Melee: Trident           ||   102
 Abil: Spit Poison       ||     1
  Use: Potion            ||     1
Armor: Scale mail        ||    74
Dodge: Dodged            ||    67
Block: Buckler           ||    30

Table legend: (Time is in decaauts)
 A = Elapsed time spent in this place.
 B = Non-inter-level travel time spent in this place.
 C = Inter-level travel time spent in this place.
 D = Time resting spent in this place.
 E = Time spent auto-exploring this place.
 F = Levels seen in this place.
 G = Mean time per level.
                   A        B        C        D        E       F      G
               +--------+--------+--------+--------+--------+-----+--------+
         Total |   2023 |   1948 |     75 |    654 |    941 |   2 | 1011.5 |
       Dungeon |   2023 |   1948 |     75 |    654 |    941 |   2 | 1011.5 |
               +--------+--------+--------+--------+--------+-----+--------+

Top non-repeatable levels by time:
     D:1: 2014 daAuts
     D:2: 9 daAuts
